| TOP OF THE 1ST |
|
New York Yankees batting - Pitching for Boston Red Sox : RHP Reece Nichols
|
|
Pitching: RHP Reece Nichols
|
|
|
Batting: RHB Russ Shambaugh
|
0-0: Ball 1-0: Ground out 4-3 (Groundball, 4S, EV 84.4 MPH)
|
|
Batting: RHB Jeckel Hester
|
0-0: Ground out 4-3 (Groundball, 4S, EV 88.1 MPH)
|
|
Batting: SHB Bartholomeu Chambino
|
0-0: Ball 1-0: Foul Ball, location: 2F 1-1: Swinging Strike 1-2: Foul Ball, location: 2F 1-2: Ball 2-2: Ball 3-2: DOUBLE (Groundball, 5L, EV 101.9 MPH)
|
|
Batting: SHB Mukhtar Wa'il
|
0-0: Ball 1-0: Foul Ball, location: 2F 1-1: Foul Ball, location: 2F 1-2: Foul Ball, location: 2F 1-2: Foul Ball, location: 2F 1-2: Ground out 4-3 (Groundball, 4, EV 80.6 MPH)
|
| Top of the 1st over - 0 runs, 1 hit, 0 errors, 1 left on base; New York 0 - Boston 0 |
| BOTTOM OF THE 1ST |
|
Boston Red Sox batting - Pitching for New York Yankees : LHP Zach Purvis
|
|
Pitching: LHP Zach Purvis
|
|
|
Batting: RHB Alois Wollf
|
0-0: Foul Ball, location: 2F 0-1: Foul Ball, location: 2F 0-2: Ball 1-2: Ball 2-2: Foul Ball, location: 2F 2-2: Strikes out looking
|
|
Batting: RHB Andrew Robinson
|
0-0: Fly out, F4 (Line Drive, 4, EV 65.0 MPH)
|
|
Batting: RHB Jose Diaz
|
0-0: Called Strike 0-1: Ball 1-1: Called Strike 1-2: Foul Ball, location: 2F 1-2: Ball 2-2: Foul Ball, location: 2F 2-2: Strikes out swinging
|
| Bottom of the 1st over - 0 runs, 0 hits, 0 errors, 0 left on base; New York 0 - Boston 0 |
| TOP OF THE 2ND |
|
New York Yankees batting - Pitching for Boston Red Sox : RHP Reece Nichols
|
|
Batting: RHB Adriaan Pieters
|
0-0: Called Strike 0-1: Swinging Strike 0-2: Ground out 4-3 (Groundball, 4, EV 78.1 MPH)
|
|
Batting: RHB Shiro Suehiro
|
0-0: Swinging Strike 0-1: Ball 1-1: Ball 2-1: Ground out 4-3 (Groundball, 4, EV 84.4 MPH)
|
|
Batting: RHB Larry Martell
|
0-0: DOUBLE (Line Drive, 3D, EV 98.1 MPH)
|
|
Batting: RHB Geni Prawiranega
|
0-0: Ball 1-0: Foul Ball, location: 2F 1-1: Ball 2-1: 2-RUN HOME RUN (Flyball, 78XD, EV 101.9 MPH), Distance : 415 ft
|
|
Batting: RHB Ryan Neal
|
0-0: SINGLE (Line Drive, 56D, EV 94.4 MPH)
|
|
Batting: RHB Russ Shambaugh
|
0-0: Foul Ball, location: 2F 0-1: Ball 1-1: Called Strike 1-2: Ball 2-2: DOUBLE (Line Drive, 78D, EV 103.8 MPH) Ryan Neal to third
|
|
Batting: RHB Jeckel Hester
|
0-0: Ball 1-0: Ball 2-0: SINGLE (Groundball, 6MD, EV 96.9 MPH) Ryan Neal scores Russ Shambaugh to third Runner from 3rd tries for Home, SAFE, throw by CF to home
|
|
Batting: SHB Bartholomeu Chambino
|
0-0: SINGLE (Groundball, 34S, EV 64.4 MPH) (infield hit) Jeckel Hester to second
|
|
Batting: SHB Mukhtar Wa'il
|
0-0: Foul Ball, location: 2F 0-1: Ball 1-1: Foul Ball, location: 2F 1-2: Strikes out swinging
|
| Top of the 2nd over - 4 runs, 6 hits, 0 errors, 2 left on base; New York 4 - Boston 0 |
| BOTTOM OF THE 2ND |
|
Boston Red Sox batting - Pitching for New York Yankees : LHP Zach Purvis
|
|
Batting: RHB Nick Esteves
|
0-0: Foul Ball, location: 2F 0-1: Ball 1-1: Ball 2-1: Ball 3-1: Ground out 5-3 (Groundball, 56D, EV 88.1 MPH)
|
|
Batting: RHB Elijah Campbell
|
0-0: Ball 1-0: Ball 2-0: SINGLE (Groundball, 56D, EV 102.5 MPH)
|
|
Batting: RHB John Chiesa
|
0-0: Called Strike 0-1: Foul Ball, location: 2F 0-2: Ball 1-2: Strikes out swinging
|
|
Batting: LHB Jarrett Mordecai
|
0-0: Called Strike 0-1: Called Strike 0-2: Strikes out looking
|
| Bottom of the 2nd over - 0 runs, 1 hit, 0 errors, 1 left on base; New York 4 - Boston 0 |
| TOP OF THE 3RD |
|
New York Yankees batting - Pitching for Boston Red Sox : RHP Reece Nichols
|
|
Batting: RHB Adriaan Pieters
|
0-0: Called Strike 0-1: DOUBLE (Line Drive, 7LM, EV 109.4 MPH)
|
|
Batting: RHB Shiro Suehiro
|
0-0: Foul Ball, location: 2F 0-1: Ball 1-1: Swinging Strike 1-2: Ball 2-2: Foul Ball, location: 2F 2-2: Foul Ball, location: 2F 2-2: Ground out 5-3 (Groundball, 56, EV 79.4 MPH)
|
|
Batting: RHB Larry Martell
|
0-0: Called Strike 0-1: Ground out 6-3 (Groundball, 6M, EV 81.9 MPH) Adriaan Pieters to third
|
|
Batting: RHB Geni Prawiranega
|
0-0: Foul Ball, location: 2F 0-1: Called Strike 0-2: Ball 1-2: Ball 2-2: Ground out 5-3 (Groundball, 56, EV 110.0 MPH)
|
| Top of the 3rd over - 0 runs, 1 hit, 0 errors, 1 left on base; New York 4 - Boston 0 |
| BOTTOM OF THE 3RD |
|
Boston Red Sox batting - Pitching for New York Yankees : LHP Zach Purvis
|
|
Batting: SHB Greg Shaw
|
0-0: Foul Ball, location: 2F 0-1: Ball 1-1: Ball 2-1: Foul Ball, location: 2F 2-2: Ball 3-2: Strikes out looking
|
|
Batting: SHB Willie Koviak
|
0-0: Ball 1-0: Called Strike 1-1: Swinging Strike 1-2: Strikes out swinging
|
|
Batting: RHB Alois Wollf
|
0-0: Ball 1-0: Ball 2-0: Ball 3-0: Base on Balls
|
|
Batting: RHB Andrew Robinson
|
0-0: Ball 1-0: Ball 2-0: Ball 3-0: Called Strike 3-1: Called Strike 3-2: Strikes out swinging
|
| Bottom of the 3rd over - 0 runs, 0 hits, 0 errors, 1 left on base; New York 4 - Boston 0 |
| TOP OF THE 4TH |
|
New York Yankees batting - Pitching for Boston Red Sox : RHP Reece Nichols
|
|
Batting: RHB Ryan Neal
|
0-0: Called Strike 0-1: Ball 1-1: Ball 2-1: Called Strike 2-2: Strikes out swinging
|
|
Batting: RHB Russ Shambaugh
|
0-0: Called Strike 0-1: Ball 1-1: Fly out, F4 (Flyball, 34D, EV 88.8 MPH)
|
|
Batting: RHB Jeckel Hester
|
0-0: Ball 1-0: Called Strike 1-1: Called Strike 1-2: Foul Ball, location: 2F 1-2: Ground out 6-3 (Groundball, P, EV 78.1 MPH)
|
| Top of the 4th over - 0 runs, 0 hits, 0 errors, 0 left on base; New York 4 - Boston 0 |
| BOTTOM OF THE 4TH |
|
Boston Red Sox batting - Pitching for New York Yankees : LHP Zach Purvis
|
|
Batting: RHB Jose Diaz
|
0-0: Ball 1-0: Ball 2-0: Foul Ball, location: 2F 2-1: Foul Ball, location: 2F 2-2: Ground out 1-3 (Groundball, P, EV 68.8 MPH)
|
|
Batting: RHB Nick Esteves
|
0-0: Swinging Strike 0-1: Foul Ball, location: 2F 0-2: Ball 1-2: Fly out, F5 (Popup, 5, EV 81.9 MPH)
|
|
Batting: RHB Elijah Campbell
|
0-0: Foul Ball, location: 2F 0-1: Ground out 5-3 (Groundball, 56, EV 81.9 MPH)
|
| Bottom of the 4th over - 0 runs, 0 hits, 0 errors, 0 left on base; New York 4 - Boston 0 |
| TOP OF THE 5TH |
|
New York Yankees batting - Pitching for Boston Red Sox : RHP Reece Nichols
|
|
Batting: SHB Bartholomeu Chambino
|
0-0: Called Strike 0-1: Ball 1-1: Ball 2-1: Reached on error, E3 (Groundball, 3, EV 81.2 MPH)
|
|
Batting: SHB Mukhtar Wa'il
|
0-0: Called Strike 0-1: DOUBLE (Line Drive, 7LM, EV 106.9 MPH) Bartholomeu Chambino to third
|
|
Batting: RHB Adriaan Pieters
|
0-0: Ball 1-0: Ball 2-0: SINGLE (Line Drive, 4M, EV 97.5 MPH) Bartholomeu Chambino scores Mukhtar Wa'il to third
|
|
Pitching: RHP John Jordan
|
|
|
Batting: RHB Shiro Suehiro
|
0-0: Swinging Strike 0-1: Ground out U3 (Groundball, 3S, EV 68.8 MPH) Mukhtar Wa'il scores Adriaan Pieters to second
|
|
Batting: RHB Larry Martell
|
0-0: Called Strike 0-1: Called Strike 0-2: Ground out 6-3 (Groundball, 6D, EV 104.4 MPH)
|
|
Batting: RHB Geni Prawiranega
|
0-0: Ball 1-0: Called Strike 1-1: Ball 2-1: Fly out, F8 (Flyball, 8RXD, EV 90.6 MPH)
|
| Top of the 5th over - 2 runs, 2 hits, 1 error, 1 left on base; New York 6 - Boston 0 |
| BOTTOM OF THE 5TH |
|
Boston Red Sox batting - Pitching for New York Yankees : LHP Zach Purvis
|
|
Batting: RHB John Chiesa
|
0-0: Called Strike 0-1: Foul Ball, location: 2F 0-2: Ball 1-2: Strikes out swinging
|
|
Batting: LHB Jarrett Mordecai
|
0-0: Fly out, F8 (Flyball, 8RD, EV 93.1 MPH)
|
|
Batting: SHB Greg Shaw
|
0-0: Ball 1-0: Called Strike 1-1: Ball 2-1: Ball 3-1: Swinging Strike 3-2: Foul Ball, location: 2F 3-2: Strikes out swinging
|
| Bottom of the 5th over - 0 runs, 0 hits, 0 errors, 0 left on base; New York 6 - Boston 0 |
| TOP OF THE 6TH |
|
New York Yankees batting - Pitching for Boston Red Sox : RHP John Jordan
|
|
Batting: RHB Ryan Neal
|
0-0: Called Strike 0-1: Called Strike 0-2: Strikes out swinging
|
|
Batting: RHB Russ Shambaugh
|
0-0: Ball 1-0: Called Strike 1-1: Called Strike 1-2: Fly out, F9 (Flyball, 9, EV 97.5 MPH)
|
|
Batting: RHB Jeckel Hester
|
0-0: Ball 1-0: Ground out 1-3 (Groundball, 13S, EV 68.1 MPH)
|
| Top of the 6th over - 0 runs, 0 hits, 0 errors, 0 left on base; New York 6 - Boston 0 |
| BOTTOM OF THE 6TH |
|
Boston Red Sox batting - Pitching for New York Yankees : LHP Zach Purvis
|
|
Batting: SHB Willie Koviak
|
0-0: Called Strike 0-1: Ball 1-1: Ground out 3-1 (Groundball, 34, EV 94.4 MPH)
|
|
Batting: RHB Alois Wollf
|
0-0: Ball 1-0: Ball 2-0: Ball 3-0: Base on Balls
|
|
Batting: RHB Andrew Robinson
|
0-0: Ball 1-0: Called Strike 1-1: Ball 2-1: Fly out, F8 (Flyball, 8RS, EV 95.6 MPH)
|
|
Batting: RHB Jose Diaz
|
0-0: Called Strike 0-1: Called Strike 0-2: Foul Ball, location: 2F 0-2: DOUBLE (Line Drive, 78XD, EV 106.2 MPH) Alois Wollf to third Runner from 3rd tries for Home, SAFE, no throw by LF
|
|
Batting: RHB Nick Esteves
|
0-0: Called Strike 0-1: Foul Ball, location: 2F 0-2: Ground out 6-3 (Groundball, 6S, EV 88.1 MPH)
|
| Bottom of the 6th over - 1 run, 1 hit, 0 errors, 1 left on base; New York 6 - Boston 1 |
| TOP OF THE 7TH |
|
New York Yankees batting - Pitching for Boston Red Sox : RHP John Jordan
|
|
Batting: SHB Bartholomeu Chambino
|
0-0: Ball 1-0: DOUBLE (Line Drive, 3D, EV 95.6 MPH)
|
|
Batting: SHB Mukhtar Wa'il
|
0-0: Ball 1-0: Foul Ball, location: 2F 1-1: Foul Ball, location: 2F 1-2: Foul Ball, location: 2F 1-2: Ball 2-2: Strikes out swinging
|
|
Batting: RHB Adriaan Pieters
|
0-0: Ball 1-0: Foul Ball, location: 2F 1-1: Swinging Strike 1-2: Ball 2-2: Ball 3-2: Fly out, F8 (Line Drive, 8LS, EV 98.1 MPH)
|
|
Pitching: RHP Jon Mercado
|
|
|
Batting: RHB Shiro Suehiro
|
0-0: Called Strike 0-1: Foul Ball, location: 2F 0-2: Strikes out swinging
|
| Top of the 7th over - 0 runs, 1 hit, 0 errors, 1 left on base; New York 6 - Boston 1 |
| BOTTOM OF THE 7TH |
|
Boston Red Sox batting - Pitching for New York Yankees : LHP Zach Purvis
|
|
Batting: RHB Elijah Campbell
|
0-0: Ground out 4-3 (Groundball, 4, EV 79.4 MPH)
|
|
Batting: RHB John Chiesa
|
0-0: Called Strike 0-1: Called Strike 0-2: Foul Ball, location: 2F 0-2: Foul Ball, location: 2F 0-2: Strikes out swinging
|
|
Batting: LHB Jarrett Mordecai
|
0-0: Ball 1-0: Fly out, F8 (Line Drive, 8RD, EV 99.4 MPH)
|
| Bottom of the 7th over - 0 runs, 0 hits, 0 errors, 0 left on base; New York 6 - Boston 1 |
| TOP OF THE 8TH |
|
New York Yankees batting - Pitching for Boston Red Sox : RHP Jon Mercado
|
|
Batting: RHB Larry Martell
|
0-0: Ball 1-0: Swinging Strike 1-1: Ball 2-1: Foul Ball, location: 2F 2-2: Foul Ball, location: 2F 2-2: SINGLE (Groundball, 34D, EV 95.0 MPH)
|
|
Batting: RHB Geni Prawiranega
|
0-0: Foul Ball, location: 2F 0-1: Foul Ball, location: 2F 0-2: Ball 1-2: Ball 2-2: Foul Ball, location: 2F 2-2: Foul Ball, location: 2F 2-2: Ball 3-2: Foul Ball, location: 2F 3-2: Foul Ball, location: 2F 3-2: Base on Balls Larry Martell to second
|
|
Pitching: LHP Danny Schneible
|
|
|
Batting: RHB Ryan Neal
|
0-0: Swinging Strike 0-1: Foul Ball, location: 2F 0-2: Ball 1-2: Foul Ball, location: 2F 1-2: Ball 2-2: Foul Ball, location: 2F 2-2: Foul Ball, location: 2F 2-2: Ball 3-2: Foul Ball, location: 2F 3-2: Base on Balls Larry Martell to third Geni Prawiranega to second
|
|
Batting: RHB Russ Shambaugh
|
0-0: Called Strike 0-1: Ground out 5-3 (Groundball, 5S, EV 70.0 MPH) Larry Martell scores Geni Prawiranega to third Ryan Neal to second
|
|
Batting: RHB Jeckel Hester
|
0-0: Ball 1-0: Ball 2-0: Ball 3-0: Foul Ball, location: 2F 3-1: Base on Balls
|
|
Batting: SHB Bartholomeu Chambino
|
0-0: Ball 1-0: Ball 2-0: Foul Ball, location: 2F 2-1: Grounds into double play, 5-4-3 (Groundball, 56, EV 86.9 MPH)
|
| Top of the 8th over - 1 run, 1 hit, 0 errors, 2 left on base; New York 7 - Boston 1 |
| BOTTOM OF THE 8TH |
|
Boston Red Sox batting - Pitching for New York Yankees : LHP Zach Purvis
|
|
Batting: SHB Greg Shaw
|
0-0: Fly out, F8 (Line Drive, 8LD, EV 91.9 MPH)
|
|
Batting: SHB Willie Koviak
|
0-0: Ball 1-0: Ball 2-0: Foul Ball, location: 2F 2-1: Foul Ball, location: 2F 2-2: Foul Ball, location: 2F 2-2: Strikes out swinging
|
|
Batting: RHB Alois Wollf
|
0-0: Foul Ball, location: 2F 0-1: Ball 1-1: Called Strike 1-2: Ball 2-2: Ball 3-2: Base on Balls
|
|
Pitching: RHP Chris McCoy
|
|
|
Batting: RHB Andrew Robinson
|
|
|
Batting: LHB Kevin McCormic Jr.
|
0-0: Ball 1-0: 2-RUN HOME RUN (Flyball, 9D, EV 98.8 MPH), Distance : 409 ft
|
|
Batting: RHB Jose Diaz
|
0-0: Called Strike 0-1: Foul Ball, location: 2F 0-2: Ball 1-2: Ball 2-2: Fly out, F9 (Flyball, 89S, EV 83.1 MPH)
|
| Bottom of the 8th over - 2 runs, 1 hit, 0 errors, 0 left on base; New York 7 - Boston 3 |
| TOP OF THE 9TH |
|
New York Yankees batting - Pitching for Boston Red Sox : LHP Danny Schneible
|
|
Pitching: RHP Guadalupe Vasguez
|
|
|
Batting: SHB Mukhtar Wa'il
|
0-0: Called Strike 0-1: Ball 1-1: Ball 2-1: TRIPLE (Flyball, 78XD, EV 96.2 MPH)
|
|
Batting: RHB Adriaan Pieters
|
0-0: Called Strike 0-1: Ball 1-1: Foul Ball, location: 2F 1-2: Foul Ball, location: 2F 1-2: Foul Ball, location: 2F 1-2: Ball 2-2: Ground out 6-3 (Groundball, 6, EV 109.4 MPH) Mukhtar Wa'il scores
|
|
Batting: RHB Shiro Suehiro
|
0-0: Ground out 4-3 (Groundball, 34, EV 108.8 MPH)
|
|
Batting: RHB Larry Martell
|
0-0: Ball 1-0: Ball 2-0: Ground out U3 (Groundball, 34, EV 86.2 MPH)
|
| Top of the 9th over - 1 run, 1 hit, 0 errors, 0 left on base; New York 8 - Boston 3 |
| BOTTOM OF THE 9TH |
|
Boston Red Sox batting - Pitching for New York Yankees : RHP Chris McCoy
|
|
Batting: RHB Nick Esteves
|
0-0: Called Strike 0-1: Called Strike 0-2: Foul Ball, location: 2F 0-2: SINGLE (Groundball, 25, EV 65.6 MPH) (infield hit)
|
|
Pinch Hitting: LHB Sakae Kasahara
|
0-0: Called Strike 0-1: Grounds into double play, 4-6-3 (Groundball, 4M, EV 101.9 MPH)
|
|
Pinch Hitting: LHB Tim Fuller
|
0-0: Ball 1-0: Foul Ball, location: 2F 1-1: Fly out, F8 (Flyball, 78M, EV 100.0 MPH)
|
| Bottom of the 9th over - 0 runs, 1 hit, 0 errors, 0 left on base; New York 8 - Boston 3 |
|